 Dungeon Crawl Stone Soup version 0.17-a0-1533-g2f57bce (webtiles) character file.

51 Pandaemon the Insei (level 3, -1/23 HPs)
             Began as an Octopode Transmuter on July 17, 2015.
             Was an Initiate of Fedhas.
             Slain by an adder (4 damage)
             ... on level 2 of the Dungeon.
             The game lasted 00:06:52 (1481 turns).

Pandaemon the Insei (Octopode Transmuter)           Turns: 1481, Time: 00:06:52

Health: -1/23      AC:  1    Str: 10    XL:     3   Next: 83%
Magic:  6/6        EV: 17    Int: 15    God:    Fedhas [......]
Gold:   92         SH:  4    Dex: 17    Spells: 2 memorised, 2 levels left

rFire  . . .     SeeInvis .     e - +1 dagger (holy)
rCold  . . .     Clarity  .     k - +0 buckler
rNeg   . . .     SustAt   .     (helmet restricted)
rPois  .         Gourm    .     (no amulet)
rElec  .         Spirit   .     (no ring)
rCorr  .         Warding  .     (no ring)
rMut   .         Stasis   .     (no ring)
MR     .....                    (no ring)
Stlth  ++++......               (no ring)
                                (no ring)
                                (no ring)
                                (no ring)

@: agile, lethally poisoned (-1 -> -6), not resistant to hostile enchantments,
stealthy
A: almost no armour, amphibious, 8 rings, constrict 8, camouflage 1, gelatinous
body 1
a: Renounce Religion


You were on level 2 of the Dungeon.
You worshipped Fedhas.
Fedhas was noncommittal.
You were hungry.

You visited 1 branch of the dungeon, and saw 2 of its levels.

You collected 92 gold pieces.

Inventory:

Hand weapons
 e - a +1 dagger of holy wrath (weapon)
Missiles
 a - 30 arrows
Armour
 k - a +0 buckler (worn)
Jewellery
 i - an uncursed ring of fire {unknown}
Scrolls
 d - 4 scrolls of identify {unknown}
 g - a scroll of fog {unknown}
 h - a scroll of enchant weapon {unknown}
 j - a scroll of noise {unknown}
Potions
 l - a potion of brilliance {unknown}
 m - a potion of beneficial mutation {unknown}
 p - a potion of agility
Books
 b - a book of Changes

   Spells                             Type                      Level
   a - Beastly Appendage              Transmutation                1
   b - Sticks to Snakes               Transmutation                2
   c - Spider Form                    Transmutation/Poison         3
   d - Ice Form                       Ice/Transmutation            4
   e - Blade Hands                    Transmutation                5
Comestibles
 c - 2 bread rations
 f - a meat ration


   Skills:
 * Level 1.1 Fighting
 + Level 0.2 Short Blades
 * Level 2.7 Dodging
 * Level 1.3 Stealth
 * Level 3.4 Unarmed Combat
 * Level 2.4 Spellcasting
 * Level 2.1 Transmutations


You had 2 spell levels left.
You knew the following spells:

 Your Spells              Type           Power        Failure   Level  Hunger
a - Beastly Appendage     Trmt           #.....       17%         1    #......
b - Spider Form           Trmt/Pois      #.........   75%         3    ###....


Dungeon Overview and Level Annotations

Branches:
Dungeon (2/15)

Altars:
Fedhas
Ru


Innate Abilities, Weirdness & Mutations

You cannot wear most types of armour.
You are amphibious.
You can wear up to eight rings at the same time.
You can use your tentacles to constrict eight enemies at once.
Your skin changes colour to match your surroundings (Stealth).
Your rubbery body absorbs attacks (AC +1).


Message History

The ooze hits you.
You hit the ooze.
The ooze is almost dead.
You block the adder's attack. The ooze hits you.
You hit the ooze.
You kill the ooze!
The adder bites you.
* * * LOW HITPOINT WARNING * * *
The adder bites you.
* * * LOW HITPOINT WARNING * * *
You are lethally poisoned!
The adder poisons you!
It was a potion of agility.
You feel agile all of a sudden.
* * * LOW HITPOINT WARNING * * *
You feel sick. The adder closely misses you.
It was a potion of cure mutation.
It has a very clean taste.
The adder bites you.
You die...
Fedhas appreciates your contribution to the ecosystem.

#...# #..## ### #....
..# #..## ########.#
#..# #. #.....##.##
#..# #..###.#.......#
#..# ##....S...#.....#
#..#
.......@..†.....####..#
###.###...............#
.............#####.#
########...#.......#
#...######### #####


You could see an adder.

Vanquished Creatures
  An adder (D:2)
  An ooze (D:2)
  4 worms (D:2)
  A giant gecko (D:1)
  2 goblins (D:1)
  5 hobgoblins
  4 kobolds
  2 bats
  3 giant cockroaches
  7 rats (D:1)
30 creatures vanquished.

Vanquished Creatures (others)
  A hobgoblin (D:2)
1 creature vanquished.

Grand Total: 31 creatures vanquished

Notes
Turn   | Place    | Note
--------------------------------------------------------------
     0 | D:1      | Pandaemon the Octopode Transmuter began the quest for the Orb.
     0 | D:1      | Reached XP level 1. HP: 13/13 MP: 3/3
   216 | D:1      | Reached XP level 2. HP: 8/18 MP: 5/5
   979 | D:2      | Reached XP level 3. HP: 23/23 MP: 6/6
  1022 | D:2      | Found a blossoming altar of Fedhas.
  1038 | D:2      | Became a worshipper of Fedhas Madash
  1093 | D:2      | Reached skill level 1 in Stealth
  1301 | D:2      | Learned a level 3 spell: Spider Form
  1332 | D:2      | Found a sacrificial altar of Ru.
  1481 | D:2      | Slain by an adder

Vault maps used:
D:1:      dpeg_arrival_simpleton_a
D:2:      overflow_temple_1_default, hangedman_ru_absence, first_bread,
          fedhas_altar_1

Action                   || total
-------------------------++-------
Melee: Dagger            ||    81
       Unarmed           ||     2
 Cast: Beastly Appendage ||     3
  Use: Potion            ||     2
 Stab: Sleeping          ||     7
  Eat: Chunk             ||     1
